 Dungeon Crawl Stone Soup version 0.27-b1-42-g19c61b19a5 (webtiles) character file.

Game seed: 13773824732711935058

135 Goboxel the Shield-Bearer (level 5, -2/42 HPs)
             Began as a Human Fighter on July 30, 2021.
             Slain by a gnoll (7 damage)
             ... on level 3 of the Dungeon.
             The game lasted 00:03:42 (2188 turns).

Goboxel the Shield-Bearer (Human Fighter)           Turns: 2188, Time: 00:03:42

Health: -2/42      AC:  8    Str: 17    XL:     5   Next: 41%
Magic:  5/5        EV:  7    Int:  8    God:
Gold:   100        SH:  9    Dex: 13    Spells: 4/4 levels left

rFire    . . .     SeeInvis .   a - +0 war axe
rCold    . . .     Faith    .   c - +0 kite shield
rNeg     . . .     Spirit   .   b - +0 scale mail
rPois    .         Reflect  .   (no helmet)
rElec    .         Harm     .   (no cloak)
rCorr    .         Rampage  .   j - +0 pair of gloves
Will     .....                  (no boots)
Stlth    ..........             h - amulet of magic regeneration
HPRegen  0.14/turn              (no ring)
MPRegen  0.34/turn              (no ring)

@: mighty
A: no striking features
a: no special abilities


You were on level 3 of the Dungeon.
You visited 1 branch of the dungeon, and saw 3 of its levels.

You collected 100 gold pieces.

Inventory:

Hand Weapons
 a - a +0 war axe (weapon)
Armour
 b - a +0 scale mail (worn)
 c - a +0 kite shield (worn)
 j - a +0 pair of gloves (worn)
Jewellery
 h - an amulet of magic regeneration (around neck)
Scrolls
 f - 3 scrolls of identify {unknown}
 g - a scroll of magic mapping {unknown}
 k - a scroll of noise {unknown}
Potions
 e - 2 potions of flight {unknown}
 i - a potion of berserk rage {unknown}
 l - a potion of heal wounds {unknown}


   Skills:
 + Level 3.7 Fighting
 * Level 3.3 Axes
 + Level 3.7 Armour
 + Level 3.7 Shields


You had 4 spell levels left.
You didn't know any spells.
Your spell library was empty.

Dungeon Overview and Level Annotations

Branches:
Dungeon (3/15)

Altars:


Message History

You block the gnoll's attack.
You hit the gnoll but do no damage. The gnoll hits you with a +0 spear. x2
You hit the gnoll.
The gnoll is moderately wounded.
The gnoll hits you with a +0 spear. You block the gnoll's attack.
You feel very mighty all of a sudden. The gnoll hits you with a +0 spear.
You block the gnoll's attack.
You barely miss the gnoll.
The gnoll is moderately wounded.
The gnoll hits you with a +0 spear. The gnoll completely misses you.
The gnoll closely misses you.
You slash the gnoll!
The gnoll is almost dead.
The gnoll hits you from afar with a +0 halberd.
You block the gnoll's attack. The gnoll barely misses you.
You slash the gnoll!
You kill the gnoll!
The gnoll closely misses you.
The gnoll hits you from afar with a +0 halberd.
The gnoll barely misses you.
There is an open door, spattered with blood here.
Items here: ( ))) †.
The gnoll barely misses you.
You see here a +0 club.
You completely miss the gnoll. The gnoll hits you with a +0 halberd.
You barely miss the gnoll. The gnoll hits you with a +0 halberd.
* * * LOW HITPOINT WARNING * * *
The gnoll hits you but does no damage.
You barely miss the gnoll. The gnoll hits you with a +0 halberd!
* * * LOW HITPOINT WARNING * * *
You slash the gnoll!
The gnoll is almost dead.
The gnoll hits you with a +0 halberd.
* * * LOW HITPOINT WARNING * * *
You block the gnoll's attack.
You closely miss the gnoll.
The gnoll is almost dead.
A gnoll comes into view. It is wielding a +0 whip.
The gnoll hits you with a +0 halberd!
You die...

## .##.##### #.###.#.....
######.#..#...###
.............##.##
###########......#...#
...# ######.#..####'####
##.......g..).##.#).(#.##
############..'.g))..'..#
............#.##@#†).#.##
##.#..#...#.#..####'####
...#..#.(.#.#....#...#
...#..#...#.#.##.##.##
............#.# ..###
.........._...# ...
...#......#.### ##
...#)....[#..
...#......#..#


You could see 2 gnolls.

Vanquished Creatures
  A gnoll (D:3)
  5 adders (D:2)
  A worm (D:2)
  A dart slug (D:2)
  4 bats
  7 endoplasms
  A giant cockroach (D:1)
  9 goblins
  9 hobgoblins
  11 jackals
  4 kobolds
  3 quokkas
  4 ball pythons
  3 frilled lizards
  5 rats
68 creatures vanquished.

Notes
Turn   | Place    | Note
-------+----------+-------------------------------------------
     0 | D:1      | Goboxel the Human Fighter began the quest for the Orb.
     0 | D:1      | Reached XP level 1. HP: 18/18 MP: 1/1
   156 | D:1      | Reached XP level 2. HP: 22/24 MP: 2/2
   489 | D:1      | Reached XP level 3. HP: 16/29 MP: 3/3
  1298 | D:2      | Reached XP level 4. HP: 35/35 MP: 4/4
  1742 | D:2      | Reached XP level 5. HP: 36/41 MP: 5/5
  2051 | D:3      | Found a faded altar of an unknown god.
  2188 | D:3      | Slain by a gnoll

Illustrated notes

Levels and vault maps discovered:
D:1:      co_arrival_random_square_maze, layout_basic
D:2:      layout_rooms, minmay_quantized
D:3:      cheibrodos_greedy_goblins, layout_loops_ring,
          mainiacjoe_overflow_cross_hatched, hellmonk_ecumenical_altar_lost_god,
          serial_shops, shop, dk_noncrumbling_4,
          amcnicky_mini_rare_corridor_liquid

Skill      XL: |  1  2  3  4 |
---------------+-------------+-----
Axes           | 3 |  3.3
Fighting       | |  3.7
Armour         | |  3.7
Shields        | |  3.7

Action                   |  1- 3 |  4- 6 || total
-------------------------+-------+-------++-------
Melee: War axe           |   106 |    97 ||   203
  Use: Potion            |       |     1 ||     1
Armor: Scale mail        |    66 |    45 ||   111
Dodge: Dodged            |    56 |    43 ||    99
Block: Kite shield       |    64 |    67 ||   131
